 Dungeon Crawl Stone Soup version 0.25.1-2-g60ff931df9 (webtiles) character file.

Game seed: 6485094418262786936

95 DogServant the Digger (level 4, -8/24 HPs)
             Began as a Deep Elf Earth Elementalist on Sept 21, 2020.
             Mangled by a gnoll
             ... wielding a +0 spear
              (9 damage)
             ... on level 3 of the Dungeon.
             The game lasted 00:06:17 (2335 turns).

DogServant the Digger (Deep Elf Earth Elementalist) Turns: 2335, Time: 00:06:18

Health: -8/24      AC:  2    Str:  5    XL:     4   Next: 39%
Magic:  21/21      EV: 13    Int: 21    God:
Gold:   127        SH:  0    Dex: 15    Spells: 8/12 levels left

rFire    . . .     SeeInvis .   l - +0 dagger
rCold    . . .     Gourm    .   (no shield)
rNeg     . . .     Faith    .   c - +0 robe
rPois    .         Spirit   .   (no helmet)
rElec    .         Reflect  .   (no cloak)
rCorr    .         Harm     .   (no gloves)
MR       .....                  (no boots)
Stlth    ++........             i - amulet of regeneration
HPRegen  0.48/turn              n - ring of magical power
MPRegen  0.17/turn              (no ring)

@: no status effects
A: no striking features
a: no special abilities


You were on level 3 of the Dungeon.
You were not hungry.

You visited 1 branch of the dungeon, and saw 3 of its levels.

You collected 127 gold pieces.

Inventory:

Hand Weapons
 l - a +0 dagger (weapon)
Armour
 c - a +0 robe (worn)
Jewellery
 i - an amulet of regeneration (around neck)
 n - a ring of magical power (left hand)
Scrolls
 e - a scroll of enchant armour {unknown}
 g - 2 scrolls of teleportation {unknown}
 h - 5 scrolls of identify {unknown}
 k - a scroll of amnesia {unknown}
 m - 3 scrolls of remove curse {unknown}
 p - a scroll of blinking {unknown}
 q - 2 scrolls of fear {unknown}
Potions
 a - a potion of lignification
 f - a potion of brilliance {unknown}
 j - 2 potions of invisibility {unknown}
 o - a potion of haste {unknown}
Comestibles
 d - 8 rations


   Skills:
 - Level 2.6 Dodging
 - Level 2.5 Stealth
 + Level 4.5 Spellcasting
 + Level 1.2 Conjurations
   Level 1.1 Transmutations
 + Level 4.5 Earth Magic


You had 8 spell levels left.
You knew the following spells:

 Your Spells              Type           Power        Failure   Level  Hunger
a - Sandblast             Erth           ###...       1%          1    None
b - Stone Arrow           Conj/Erth      ###...       11%         3    ##.....

Your spell library contained the following spells:

 Spells                   Type           Power        Failure   Level  Hunger
 Passwall                 Tmut/Erth      ###.....     5%          2    #......
 Petrify                  Tmut/Erth      ###.....     34%         4    ####...
 Lee's Rapid Deconstruct  Erth           ###.......   43%         5    ######.


Dungeon Overview and Level Annotations

Branches:
Dungeon (3/15)

Altars:

Annotations:
D:3 3 runed translucent doors, Sigmund


Message History

You kill the bat!
A gnoll comes into view. It is wielding a +0 spear.
Sigmund points at you and mumbles some strange words.
The puff of flame hits you!
A gnoll comes into view. It is wielding a +0 spear.
The gnoll shouts! x2
A gnoll comes into view. It is wielding a +0 whip.
Found a stone staircase leading down.
The gnoll shouts!
The gnoll closely misses you. The gnoll barely misses you.
The gnoll closely misses you. The gnoll hits you with a +0 whip!
Ouch! That really hurt!
* * * LOW HITPOINT WARNING * * *
The gnoll misses you.
There is a stone staircase leading up, spattered with blood here.
The gnoll misses you. The gnoll hits you with a +0 whip.
* * * LOW HITPOINT WARNING * * *
The gnoll hits you from afar with a +0 spear!
You die...

#. #. ##.### ....
####.#### ###
.......###.# #
#.........#
....#@..#.#...########
#.>.gg................
#.....g...#.##########
..............@......
..P..................
#+#....######........
#....#<#..#........
#....#b...#....(...
#....###.##........


You could see Sigmund and 3 gnolls.

Vanquished Creatures
  4 adders
  2 worms
  3 dart slugs
  A leopard gecko (D:2)
  5 bats
  2 giant cockroaches (D:1)
  5 goblins
  3 hobgoblins
  5 kobolds
  A quokka (D:2)
  6 frilled lizards
  11 rats
48 creatures vanquished.

Notes
Turn   | Place    | Note
-------+----------+-------------------------------------------
     0 | D:1      | DogServant the Deep Elf Earth Elementalist began the quest
                  | for the Orb.
     0 | D:1      | Reached XP level 1. HP: 10/10 MP: 6/6
   373 | D:1      | Reached XP level 2. HP: 14/15 MP: 5/8
   961 | D:2      | Reached XP level 3. HP: 8/19 MP: 5/10
  1145 | D:2      | Learned a level 3 spell: Stone Arrow
  1644 | D:2      | Reached XP level 4. HP: 11/24 MP: 12/12
  1750 | D:2      | Reached skill level 1 in Conjurations
  2136 | D:3      | Noticed Sigmund
  2212 | D:3      | Found a runed translucent gate.
  2213 | D:3      | Found a runed translucent gate.
  2214 | D:3      | Found a runed translucent gate.
  2335 | D:3      | HP: 1/24 [gnoll/+0 whip (2)]
  2335 | D:3      | Mangled by a gnoll

Illustrated notes

Levels and vault maps discovered:
D:1:      roderic_crop_circles_arrival_small, layout_basic
D:2:      layout_rooms, first_ration, minmay_rat_gold_closets
D:3:      layout_basic, gammafunk_ghost_icy, corexii_shack, uniq_sigmund

Skill      XL: |  1  2  3  4 |
---------------+-------------+-----
Earth Magic    | 4 |  4.5
Spellcasting   | 4 |  4.5
Conjurations   | 1 |  1.2
Dodging        | |  2.6
Stealth        | |  2.5
Transmutations | |  1.1

Action                   |  1- 3 |  4- 6 || total
-------------------------+-------+-------++-------
Melee: Unarmed           |     4 |       ||     4
       Dagger            |    69 |    30 ||    99
 Cast: Sandblast         |    35 |       ||    35
       Stone Arrow       |     6 |     9 ||    15
  Use: Potion            |     1 |       ||     1
 Stab: Sleeping          |     1 |     6 ||     7
  Eat: Chunk             |     3 |     3 ||     6
Armor: Robe              |    21 |    10 ||    31
       Skin              |    11 |       ||    11
Dodge: Dodged            |    68 |    39 ||   107
